Quirre, neutral female human Wizard ------- |..<... |...[.| |.....| -|----- # # # # # # ## -.--------- |.........| |..^.%).... ------ |.........|#####|....| |........[-#####|^.B.. ----------- #.%_@.| ------ Quirre the Thaumaturge Experience level: 7 Strength: 15 Dexterity: 15 Constitution: 14 Intelligence: 19 Wisdom: 15 Charisma: 9 Health: 0(56) Energy: 90(90) Def: 10 Gold: 441 Moves: 8342 Dungeon seed: F730V-7YajZmiHBY Game ID: Quirre_1544109725 Your Inventory: Coins $ - 441 gold pieces Weapons a - a blessed +1 quarterstaff (weapon in hands) l - a blessed +3 dagger named Vladsbane C - 10 uncursed +0 ya D - a blessed +7 spear named Spear of Revenge Armor e - an uncursed +0 cloak of magic resistance (being worn) r - an uncursed +0 pair of gauntlets of dexterity (being worn) s - an uncursed +0 elven mithril-coat (being worn) x - an uncursed +1 dwarvish iron helm (being worn) z - an uncursed +1 orcish helm Rings u - a cursed -1 ring of increase damage Wands d - an uncursed wand of nothing (0:4) v - a blessed wand of striking (0:3) Tools i - an uncursed sack j - an uncursed brass lantern (0:562) t - an uncursed partly used tallow candle (0:198) F - an uncursed towel J - an uncursed lock pick L - an uncursed brass lantern (0:704) R - an uncursed tin whistle Gems q - an uncursed worthless piece of red glass V - 2 uncursed touchstones Y - 3 uncursed worthless pieces of green glass Iron balls n - an uncursed heavy iron ball (chained to you) Contents of the sack: a [cursed] scroll of blank paper a [uncursed] scroll of blank paper 2 uncursed scrolls of create monster an uncursed scroll of enchant weapon a blessed scroll of identify an uncursed scroll of identify 2 [uncursed] scrolls of magic mapping an uncursed scroll of scare monster an uncursed potion of object detection Spells and supernatural/magical abilities: Name Level Category Fail Memory a - force bolt 1 attack 48% 59% l - light 1 divination 48% 59% m - magic missile 2 attack 12% 88% n - detect monsters 1 divination 48% 89% W - pray for help -- divine ? -- Your skills at the end: Miscellaneous Skills wands [Basic] stealth [Basic] Weapon Skills quarterstaff [Skilled] Spellcasting Skills attack spells [Basic] enchantment spells [Basic] Final Attributes: You were devoutly aligned. You were magic-protected. You are dead. Vanquished creatures: a quantum mechanic 2 small mimics an ettin zombie a giant beetle 2 wolves a lizard a vampire bat 2 gnome kings an owlbear a dog a dingo a dust vortex a raven a gnome mummy 4 human zombies 2 fire ants a bugbear a rock mole 2 rock piercers a pony 2 fog clouds 2 shriekers 2 violet fungi 7 gnome lords a kobold mummy a ghoul 2 straw golems a paper golem 2 giant ants a floating eye a kitten 11 dwarves 2 homunculi 3 iguanas a rothe 2 jitterbugs 2 giant bats 3 dwarf zombies 2 coyotes 3 gas spores 5 hobbits 3 large kobolds 7 geckos 2 hobgoblins 4 giant rats a red mold 31 gnomes 4 manes 10 jackals 2 kobolds 4 newts 7 goblins 2 sewer rats 4 grid bugs 8 lichens 173 creatures vanquished. Voluntary challenges: You did not adorn yourself with jewelry or accessories. You did not cause conflict. You were not invisible. You did not have reflection. You used a wielded weapon 222 times, starting on turn 7. You did not apply a unicorn horn. You did not use plumbed fixtures. You read items or engraved 14 times, starting on turn 3496. You never genocided any monsters. You never polymorphed an object. You never changed form. You used no wishes. You never split a pudding. You never wrote Elbereth's name. You never violated your personal moral code. Dungeon overview: The Dungeons of Doom: levels 1 to 7 Level 1 some fountains a long staircase Level 2 a sink portal to Advent Calendar Level 3 an altar to Ptah stairs to The Gnomish Mines Level 4 Level 5 a general store, a fountain Level 6 a weapon shop, a fountain Level 7 <- You were here The Gnomish Mines: levels 4 to 7 Level 4 stairs to The Dungeons of Doom Level 5 Level 6 many shops, some altars to Thoth, a magic chest, some fountains, some trees Level 7 Advent Calendar: Level 2 many trees portal to The Dungeons of Doom History has recorded: On T:1 you entered the Dungeons of Doom to retrieve the Amulet of Yendor! On T:402 you reached level 2 of The Dungeons of Doom. On T:432 you advanced to experience level 2. On T:1005 you reached level 1 of Advent Calendar. On T:1181 you reached level 3 of The Dungeons of Doom. On T:1404 you advanced to experience level 3. On T:1638 you reached level 4 of The Dungeons of Doom. On T:2243 you advanced to experience level 4. On T:2493 you reached level 5 of The Dungeons of Doom. On T:3081 you reached level 6 of The Dungeons of Doom. On T:3217 you advanced to experience level 5. On T:4273 you reached level 1 of The Gnomish Mines. On T:4725 you reached level 2 of The Gnomish Mines. On T:5025 you advanced to experience level 6. On T:5362 you reached level 3 of The Gnomish Mines. On T:5687 you prayed to Thoth. On T:5731 you entered the Minetown temple On T:5744 you opened a magic chest. On T:6434 you advanced to experience level 7. On T:6731 you reached level 4 of The Gnomish Mines. On T:6983 you prayed to Thoth. On T:8067 you prayed to Thoth. On T:8259 you reached level 7 of The Dungeons of Doom. Score breakdown: Gold: 441 ( 44 points) Experience: 7 levels ( 600 points) Exploration: 7 levels ( 180 points) Discoveries: 41 items ( 2000 points) Variety of kills: 55 monsters ( 2000 points) Major goal: reached Minetown ( 500 points) Survival: died (score multiplied by 3) Total score: 15972 Latest messages: The door opens. The giant ant bites! You hit the giant ant. The giant ant misses. (2x) You hit the giant ant! The giant ant misses. You kill the giant ant! The ettin zombie scratches you! (2x) The magic missile hits the ettin zombie! You destroy the ettin zombie! There are a few objects here. There is an ettin corpse here, but you cannot lift any more. You see here a key. The giant bat bites! (2x) You hit the giant bat! The giant bat bites! The giant bat misses. The giant bat bites! You hit the giant bat! The giant bat bites! (2x) You hit the giant bat! The giant bat bites! (4x) You die... Final status: Goodbye Quirre the Wizard, killed by a giant bat... You died in The Dungeons of Doom on dungeon level 7 with 15972 points, and 441 pieces of gold, after 8342 moves. You were level 7 with a maximum of 56 hit points when you died.